 Dungeon Crawl Stone Soup version 0.31-a0-506-g3d79149578 (webtiles) character file.

Game seed: 16138970391998154625

196 Ethylacetat the Slasher (level 5, -4/36 HPs)
             Began as an Octopode Gladiator on Aug 9, 2023.
             Slain by a gnoll
             ... wielding a +0 halberd
              (6 damage)
             ... on level 3 of the Dungeon.
             The game lasted 00:02:42 (1794 turns).

Ethylacetat the Slasher (Octopode Gladiator)        Turns: 1794, Time: 00:02:42

Health: -4/36      AC:  1    Str: 14    XL:     5   Next: 75%
Magic:  5/5        EV: 14    Int: 10    God:
Gold:   113        SH:  0    Dex: 15    Spells: 4/4 levels left

rFire   . . .        a - +0 long sword
rCold   . . .        (no shield)
rNeg    . . .        b - +0 hat
rPois   .            (no amulet)
rElec   .            (no ring)
rCorr   .            (no ring)
SInv    .            (no ring)
Will    +....        (no ring)
Stlth   +++          (no ring)
HPRegen 0.26/turn    (no ring)
MPRegen 0.09/turn    (no ring)
                     (no ring)

%: no passive effects
@: mighty, enlightened, flying
A: almost no armour, amphibious, 8 rings, camouflage 1, gelatinous body 1,
(nimble swimmer 1), tentacles
a: no special abilities


You were on level 3 of the Dungeon.
You visited 1 branch of the dungeon, and saw 3 of its levels.

You collected 113 gold pieces.

Inventory:

Hand Weapons
 a - a +0 long sword (weapon)
Missiles
 c - 3 throwing nets
Armour
 b - a +0 hat (worn)
Scrolls
 e - a scroll of noise {unknown}
 g - a scroll of teleportation {unknown}
 i - 2 scrolls of identify {unknown}
 j - a scroll of butterflies {unknown}
 k - a scroll of immolation {unknown}


   Skills:
 + Level 3.3 Fighting
 + Level 4.0 Long Blades
 - Level 3.0 Throwing
 + Level 4.0 Dodging
 + Level 1.4 Stealth


You had 4 spell levels left.
You didn't know any spells.
Your spell library was empty.

Dungeon Overview and Level Annotations

Branches:
Dungeon (3/15)

Altars:

Shops:
D:1 ?((=


Innate Abilities, Weirdness & Mutations

You cannot wear most types of armour.
You are amphibious.
You can wear up to eight rings at the same time.
Your skin changes colour to match your surroundings (Stealth+).
Your rubbery body absorbs attacks. (AC +1, EV +1)
((You are camouflaged when in or above water. (Stealth+)))
You have tentacles for arms and can constrict up to eight enemies at once.


Message History

Aim: a gnoll, wielding a +0 halberd (61% to hit)
You throw a javelin.
The javelin pierces through the endoplasm!
You kill the endoplasm!
The javelin pierces through Natasha!
Natasha is severely wounded.
The javelin pierces through the gnoll.
The gnoll is lightly wounded.
The javelin pierces through the gnoll!
You kill the gnoll!
The javelin pierces through the gnoll.
The gnoll is heavily wounded.
Natasha claws you!
Your Stealth skill increases to level 1!
You hit Natasha. You grab Natasha. You squeeze Natasha.
You kill Natasha!
Suddenly Natasha's spirit rises from her lifeless body.
The gnoll misses you.
Your Long Blades skill increases to level 4!
Your Dodging skill increases to level 4!
The gnoll hits you with a +0 halberd! The gnoll completely misses you.
You see here the felid corpse of Natasha.
You slash the gnoll! You grab the gnoll.
You squeeze the gnoll, but do no damage.
The gnoll is severely wounded.
You constrict the gnoll. The gnoll hits you with a +0 halberd!
* * * LOW HITPOINT WARNING * * *
The gnoll hits you from afar with a +0 halberd.
* * * LOW HITPOINT WARNING * * *
You hit the gnoll.
You kill the gnoll!
The gnoll closely misses you.
It was a potion of might.
You feel very mighty all of a sudden. The gnoll barely misses you.
It was a potion of enlightenment.
You feel very buoyant.
You fly up into the air.
The gnoll hits you from afar with a +0 halberd.
You die...

#.......####
#....##..... #####
##.######### #...#
##.####### # #...#
#.........
#...#####..#######
#
#...'............
#...#####..######
#..@....#........
#...)...#.#######
#..?.g..#.)......
#.......######..#
##.....)####
#####..(..#
#####†# ######.##
#..!.ggh#


You could see a gnoll.

Vanquished Creatures
  A hound (D:3)
  Jessica (D:2)
  Natasha (D:3)
  3 gnolls (D:3)
  3 adders
  A dart slug (D:2)
  An orc (D:3)
  5 ball pythons
  4 endoplasms
  6 giant cockroaches
  6 goblins
  6 hobgoblins
  3 kobolds (D:1)
  3 quokkas
  4 bats
  3 frilled lizards
  8 rats
59 creatures vanquished.

Notes
Turn   | Place    | Note
-------+----------+-------------------------------------------
     0 | D:1      | Ethylacetat the Octopode Gladiator began the quest for the
                  | Orb.
     0 | D:1      | Reached XP level 1. HP: 14/14 MP: 1/1
    16 | D:1      | Found Ithravaph's Jewellery Boutique.
   134 | D:1      | Reached XP level 2. HP: 17/19 MP: 2/2
   222 | D:1      | Found Useem's Magic Scroll Shoppe.
   502 | D:1      | Found Lach's Antique Weapon Shoppe.
   513 | D:1      | Found Areo's Weapon Boutique.
   696 | D:2      | Reached XP level 3. HP: 25/25 MP: 3/3
   895 | D:2      | Noticed Jessica
   902 | D:2      | Killed Jessica
   911 | D:2      | Reached XP level 4. HP: 11/30 MP: 4/4
  1620 | D:3      | Reached XP level 5. HP: 30/36 MP: 5/5
  1773 | D:3      | Noticed Natasha
  1789 | D:3      | Reached skill level 1 in Stealth
  1789 | D:3      | Killed Natasha
  1794 | D:3      | Slain by a gnoll

Illustrated notes

Levels and vault maps discovered:
D:1:      lemuel_arrival_cross, layout_basic, serial_shops,
          nicolae_shop_tiny_glass, nicolae_shop_tiny_glass, shop,
          shop_fountains, serial_curves, eino_curves_03, eino_curves_01,
          eino_curves_03, chequers_serial_rivers_micro_d
D:2:      minmay_door_path, layout_loops_cross, uniq_jessica
D:3:      layout_basic, grunt_decor_clamped, uniq_natasha

Skill      XL: |  1  2  3  4  5 |
---------------+----------------+-----
Fighting       | 3 |  3.3
Throwing       | 3 |  3.0
Stealth        | 1 |  1.4
Long Blades    | 4 |  4.0
Dodging        | 4 |  4.0

Action                     |  1- 3 |  4- 6 || total
---------------------------+-------+-------++-------
  Melee: Long sword        |    47 |    47 ||    94
         Constrict         |    13 |    16 ||    29
         Tentacles         |    10 |    12 ||    22
  Throw: Javelin           |       |     1 ||     1
    Use: Potion            |       |     2 ||     2
   Stab: Sleeping          |     6 |     6 ||    12
 Armour: Skin              |     5 |     3 ||     8
  Dodge: Dodged            |    31 |    35 ||    66

Table legend: (Time is in decaauts)
 A = Elapsed time spent in this place.
 B = Non-inter-level travel time spent in this place.
 C = Inter-level travel time spent in this place.
 D = Time resting spent in this place.
 E = Time spent auto-exploring this place.
 F = Levels seen in this place.
 G = Mean time per level.
                   A        B        C        D        E       F      G
               +--------+--------+--------+--------+--------+-----+--------+
         Total |   1815 |   1736 |     79 |      0 |   1391 |   3 |  605.0 |
       Dungeon |   1815 |   1736 |     79 |      0 |   1391 |   3 |  605.0 |
               +--------+--------+--------+--------+--------+-----+--------+

Top non-repeatable levels by time:
     D:2: 828 daAuts
     D:1: 710 daAuts
     D:3: 277 daAuts
